Map: Catalyst LE

Players

IIIIIIIIIIII

  • Race: Terran Terran
  • League: Master
  • Spawn Location: 5:00

KremboSensi - Winner!

  • Race: Terran Terran
  • League: Master
  • Spawn Location: 11:00

VOD

Have the link to the VOD?

Description

Time

  • Played on: Dec. 2, 2017, 2:13 p.m.
  • Length: 4:18
Show
View Real Time Build Order
Export as new Build Order

IIIIIIIIIIII Terran 

Build Orders: Cyclone Opening 

Get SALT Encoding   

  12  0:00  SCV  
  13  0:12  SCV  
  14  0:17  Supply Depot  
  14  0:24  SCV  
  15  0:29  Refinery  
  15  0:38  SCV  
  16  0:45  Barracks  
  16  0:50  SCV  
  17  1:03  SCV  
  18  1:16  SCV  
  19  1:32  Marine, SCV  
  21  1:36  Factory  
  21  1:41  Supply Depot  
  21  1:45  SCV  
  21  1:46  Barracks  
  22  1:51  Marine  
  23  2:09  Marine  
  24  2:19  Cyclone  
  24  2:21  Supply Depot  
  27  2:23  Barracks  
  27  2:27  Marine  
  28  2:35  Supply Depot  
  28  2:36  Marine  
  29  2:45  Marine  
  30  2:53  Marine, Cyclone  
  34  3:03  Marine  
  35  3:08  Bunker  
  35  3:13  Marine  
  36  3:25  Cyclone  
  39  3:27  Marine  
  40  3:37  Marine x2  
  41  3:52  SCV  
Show
View Real Time Build Order
Export as new Build Order

KremboSensi Terran - Winner!

Build Orders: 1/1/1 

Get SALT Encoding   

  12  0:00  SCV  
  13  0:12  SCV  
  14  0:17  Supply Depot  
  14  0:25  SCV  
  15  0:39  SCV  
  15  0:41  Barracks  
  16  0:45  Refinery  
  16  0:51  SCV  
  17  0:57  Refinery  
  17  1:03  SCV  
  18  1:15  SCV  
  19  1:28  Marine, Orbital Command  
  20  1:38  Factory  
  20  1:45  Marine  
  21  1:54  SCV  
  21  1:57  Supply Depot  
  22  2:04  Barracks Reactor  
  22  2:10  SCV  
  23  2:22  Starport  
  23  2:23  SCV  
  23  2:26  Factory Tech Lab  
  24  2:34  Supply Depot  
  24  2:35  SCV  
  25  2:40  Marine  
  26  2:45  Siege Tank  
  26  2:47  Marine  
  30  3:06  Marine x2  
  30  3:11  Supply Depot  
  32  3:24  Marine x2, Raven  
  32  3:26  Cyclone  
  39  3:42  Command Center  
  39  3:44  Marine  
  39  3:47  Marine  
Tags
 
Add a new tag
Caveats
  • Supply blocks, unpowered buildings, or Contaminate may cause inaccurate times.
  • Supply counts are checked every 10 seconds.